 Dungeon Crawl Stone Soup version 0.27.1-1-g398f81649c (webtiles) character file.

Game seed: 1685703298421499226

97 DearestLeader the Chiller (level 4, -7/30 HPs)
             Began as a Merfolk Ice Elementalist on Sept 20, 2021.
             Mangled by an ogre (17 damage)
             ... on level 3 of the Dungeon.
             The game lasted 00:06:57 (3543 turns).

DearestLeader the Chiller (MfIE)                    Turns: 3543, Time: 00:06:58

Health: -7/30      AC: 10    Str:  8    XL:     4   Next: 68%
Magic:  1/7        EV: 13    Int: 15    God:
Gold:   102        SH:  5    Dex: 14    Spells: 0/7 levels left

rFire    . . .     SeeInvis .   e - +0 dagger
rCold    . . .     Faith    .   (no shield)
rNeg     . . .     Spirit   .   a - +0 robe
rPois    .         Reflect  +   (no helmet)
rElec    .         Harm     .   k - +1 cloak
rCorr    .         Rampage  .   (no gloves)
Will     .....                  (no boots)
Stlth    ++........             u - amulet of reflection
HPRegen  0.10/turn              (no ring)
MPRegen  0.10/turn              (no ring)

@: ice-armoured, freezing walls
A: (nimble swimmer 2), mertail
a: no special abilities


You were on level 3 of the Dungeon.
You visited 1 branch of the dungeon, and saw 3 of its levels.

You collected 102 gold pieces.

Inventory:

Hand Weapons
 e - a +0 dagger (weapon)
 h - a +0 whip
 m - a +2 dagger of venom
 q - a +0 halberd
 s - a +0 dagger of draining
Missiles
 f - 42 sling bullets
 r - 6 atropa-tipped darts (quivered)
Armour
 a - a +0 robe (worn)
 b - a +0 leather armour
 k - a +1 cloak (worn)
 o - a +0 buckler
Jewellery
 u - an amulet of reflection (around neck)
Scrolls
 c - 4 scrolls of identify {unknown}
 i - a scroll of brand weapon {unknown}
 l - a scroll of noise {unknown}
 n - a scroll of torment {unknown}
 p - a scroll of enchant armour {unknown}
Potions
 d - 2 potions of invisibility {unknown}
 g - a potion of degeneration {unknown}
 j - 2 potions of curing {unknown}
 t - a potion of ambrosia {unknown}


   Skills:
 + Level 1.1 Polearms
 - Level 3.0 Dodging
 - Level 3.0 Stealth
 - Level 2.0 Spellcasting
 * Level 6.0 Ice Magic


You couldn't memorise any spells.
You knew the following spells:

 Your Spells              Type           Power      Damage    Failure   Level
a - Freeze                Ice            76%        1d9       1%          1
b - Frozen Ramparts       Ice            38%        1d5       5%          3
c - Ozocubu's Armour      Ice            19%        N/A       5%          3

Your spell library contained the following spells:

 Spells                   Type           Power      Damage    Failure   Level
 Magic Dart               Conj           4%         1d3       22%         1
 Call Imp                 Summ           1%         N/A       32%         2
 Slow                     Hex            1%         N/A       32%         2
 Confusing Touch          Hex            1%         N/A       54%         3
 Mephitic Cloud           Conj/Pois/Air  1%         N/A       54%         3
 Hailstorm                Conj/Ice       10%        3d5       54%         4
 Yara's Violent Unravell  Hex/Tmut       0%         3d3       99%         5


Dungeon Overview and Level Annotations

Branches:
Dungeon (3/15)

Altars:


Innate Abilities, Weirdness & Mutations

((You are quick and stealthy near water. (Stealth+, EV+, Speed+++)))
Your lower body shifts to a powerful aquatic tail in water.


Message History

Magic restored.
Things that are here:
a +0 club; an orc corpse
Things that are here:
a +0 dagger; a +0 ring mail; an orc corpse
Things that are here:
a +0 falchion; a +0 scale mail; an orc corpse
Things that are here:
a +0 chain mail; a +0 dagger of venom; an orc corpse You see here 14 stones.
An ogre is nearby!
The ogre shouts!
Casting: Frozen Ramparts (dangerous; 5% risk of failure)
Confirm with . or Enter, or press ? or * to list all spells.
A film of ice covers your body!
Casting: Ozocubu's Armour (dangerous; 5% risk of failure)
Confirm with . or Enter, or press ? or * to list all spells.
Casting: Frozen Ramparts (dangerous; 5% risk of failure)
Press: ? - help, Dir - look around, f - activate The walls around you are covered in ice.
The wall freezes the ogre.
The ogre hits you with a +0 giant spiked club!!
Ouch! That really hurt!
You barely miss the ogre.
The ogre is lightly wounded.
You hit the ogre.
The ogre is lightly wounded.
The wall freezes the ogre.
The ogre closely misses you.
You barely miss the ogre.
The ogre is moderately wounded.
The wall freezes the ogre.
The ogre closely misses you.
You hit the ogre but do no damage.
The ogre is moderately wounded.
The wall freezes the ogre.
You block the ogre's attack.
You hit the ogre.
The ogre is moderately wounded.
The wall freezes the ogre.
The ogre hits you with a +0 giant spiked club!
Ouch! That really hurt!
You die...

#. ##.###...........# .. .. #.
#................# #.
...#.##................#####.
...#...................##....
......#......#.........##.#..
....#.....####.#####.......<#..
....#.....# #.# #........#..
####.##.....####O# #........#..
..............##@#####........#..
...............#.#............##.
#....#.#.........#.###.##########
).##.#.#.##.######.# #.#
.[##.#.#.##......#.###.#
...(.............O.....#
.....#.#.##...........##
####.#.......###.#.##.#
..###.##..# #.#.##.#


You could see an ogre.

Vanquished Creatures
  2 adders (D:2)
  A gnoll (D:2)
  4 worms (D:2)
  6 orcs (D:3)
  A ball python (D:1)
  3 bats (D:2)
  5 endoplasms
  2 giant cockroaches (D:2)
  A hobgoblin (D:2)
  12 jackals
  A frilled lizard (D:2)
  4 goblins
  2 kobolds
  4 rats
48 creatures vanquished.

Notes
Turn   | Place    | Note
-------+----------+-------------------------------------------
     0 | D:1      | DearestLeader the Merfolk Ice Elementalist began the quest
                  | for the Orb.
     0 | D:1      | Reached XP level 1. HP: 13/13 MP: 3/3
   855 | D:1      | Reached XP level 2. HP: 13/19 MP: 1/5
  1080 | D:1      | Reached skill level 5 in Ice Magic
  1979 | D:2      | Reached XP level 3. HP: 24/24 MP: 3/6
  1983 | D:2      | Learned a level 3 spell: Frozen Ramparts
  2302 | D:2      | Reached XP level 4. HP: 21/30 MP: 2/7
  2662 | D:2      | Found a faded altar of an unknown god.
  3181 | D:3      | Noticed an ogre
  3203 | D:2      | Learned a level 3 spell: Ozocubu's Armour
  3464 | D:3      | Reached skill level 1 in Polearms
  3464 | D:3      | Reached skill level 6 in Ice Magic
  3543 | D:3      | Mangled by an ogre

Illustrated notes

Levels and vault maps discovered:
D:1:      minmay_arrival_solitary_statue, layout_basic
D:2:      layout_basic, ebering_ecumenical_altar_rust, minmay_joined_circles
D:3:      layout_basic, uniq_crazy_yiuf_cottage

Skill      XL: |  1  2  3  4 |
---------------+-------------+-----
Dodging        | 3 |  3.0
Ice Magic      | 5 6 |  6.0
Stealth        | 3 |  3.0
Polearms       | 1 |  1.1
Spellcasting   | |  2.0

Action                   |  1- 3 |  4- 6 || total
-------------------------+-------+-------++-------
Melee: Dagger            |    54 |    36 ||    90
 Cast: Freeze            |    39 |     1 ||    40
       Frozen Ramparts   |     5 |     6 ||    11
       Ozocubu's Armour  |       |     1 ||     1
 Stab: Sleeping          |     2 |     1 ||     3
Armor: Robe              |    16 |     5 ||    21
Dodge: Dodged            |    71 |    18 ||    89
Block: Other             |       |     3 ||     3
